 Dungeon Crawl Stone Soup version 0.25-a0-365-g7600c65 (webtiles) character file.

Game seed: 17541511259400287584, levelgen mode: deterministic

4610 Birdy the Covert (level 10, -7/114 HPs)
             Began as a Vine Stalker Assassin on Jan 5, 2020.
             Was a Follower of Wu Jian.
             Mangled by a two-headed ogre
             ... wielding a +0 giant club
              (8 damage)
             ... on level 9 of the Dungeon.
             The game lasted 00:24:52 (7228 turns).

Birdy the Covert (Vine Stalker Assassin)            Turns: 7228, Time: 00:24:52

Health: -7/114     AC: 25    Str: 18    XL:     10   Next: 42%
Magic:  0/25       EV:  2    Int: 11    God:    Wu Jian [*.....]
Gold:   494        SH:  0    Dex: 22    Spells: 25/25 levels left

rFire    . . .     SeeInvis .   a - +2 dagger (venom)
rCold    . . .     Gourm    .   (no shield)
rNeg     + + +     Faith    .   (armour currently unavailable)
rPois    +         Spirit   +   (helmet currently unavailable)
rElec    +         Reflect  .   (cloak currently unavailable)
rCorr    .         Harm     .   (gloves currently unavailable)
MR       +....     NoTele   +   (boots currently unavailable)
Stlth    ..........             J - amulet "Haibimm" {rElec Regen+}
HPRegen  1.09/turn              m - ring of positive energy
MPRegen  0.19/turn              h - +2 ring of dexterity

@: berserking, tree-form, very quick
A: high mp 1, regeneration 1, magic shield, no potion heal 3, rot immunity
a: Renounce Religion


You were on level 9 of the Dungeon.
You worshipped Wu Jian.
Wu Jian was aware of your devotion.
You were very hungry.
You were a tree.
You visited 2 branches of the dungeon, and saw 10 of its levels.

You collected 494 gold pieces.

Inventory:

Hand Weapons
 a - a +2 dagger of venom (weapon)
 b - a +2 short sword of holy wrath
Missiles
 d - 22 poisoned darts
 e - 2 curare-tipped darts (quivered)
Armour
 c - a +0 cloak (melded)
 l - +0 steam dragon scales (melded)
 n - a +2 ring mail of fire resistance
 v - a +1 helmet (melded)
 D - the +3 leather armour of Life {rElec Int+3}
   (You found it on level 7 of the Dungeon)

   It affects your intelligence (+3).
   It insulates you from electricity.
 L - a +2 pair of boots (melded)
Jewellery
 h - a +2 ring of dexterity (right branch)
 m - a ring of positive energy (left branch)
 o - an uncursed ring of resist corrosion
 s - an uncursed amulet of the gourmand
 u - the amulet of Qofemas {Reflect rC++ rN+ SH+2}
   (You found it on level 6 of the Dungeon)

   [amulet of reflection]

   It shields you and reflects attacks.
   It greatly protects you from cold.
   It protects you from negative energy.
   It affects your SH (+2).
 y - an uncursed amulet of harm
 A - an uncursed ring of see invisible
 J - the amulet "Haibimm" (around neck) {rElec Regen+}
   (You found it on level 8 of the Dungeon)

   [amulet of regeneration]

   It insulates you from electricity.
   It increases your rate of regeneration.
Wands
 C - a wand of polymorph (19)
 E - a wand of digging (5)
 I - a wand of enslavement (14)
Scrolls
 j - 10 scrolls of remove curse
 k - 2 scrolls of fog
 q - 2 scrolls of immolation
 r - 3 scrolls of identify
 t - a scroll of teleportation
 w - a scroll of blinking
 K - a scroll of enchant armour
Potions
 g - a potion of brilliance
 i - 3 potions of curing
 z - 2 potions of flight
 B - a potion of agility
Comestibles
 f - 20 rations


   Skills:
 + Level 4.8 Fighting
 - Level 5.0 Short Blades
 - Level 1.7 Throwing
 - Level 4.0 Armour
 + Level 4.1 Dodging
 * Level 10.4 Stealth
 * Level 8.3 Spellcasting


You had 25 spell levels left.
You didn't know any spells.
Your spell library contained the following spells:

 Spells                   Type           Power        Failure   Level  Hunger
 Animate Skeleton         Necr           N/A          16%         1    None
 Apportation              Tloc           #.....       16%         1    None
 Confusing Touch          Hex            #.....       16%         1    None
 Summon Small Mammal      Summ           #...         16%         1    None


Dungeon Overview and Level Annotations

Branches:
Dungeon (9/15)             Temple (1/1) D:7
   Lair: D:8-11         Orc: D:9-12

Altars:
Ashenzari
Cheibriados
Dithmenos
Elyvilon
Fedhas
Gozag
Hepliaklqana
Kikubaaqudgha
Makhleb
Nemelex Xobeh
Okawaru
Qazlal
Ru
Sif Muna
Trog
Uskayaw
Vehumet
Wu Jian
Xom
Yredelemnul
Zin
The Shining One

Shops:
D:5 *


Innate Abilities, Weirdness & Mutations

((You have razor-sharp teeth.))
Your natural rate of healing is unusually fast.
When hurt, damage is shared between your health and your magic reserves.
((Your bite disrupts and absorbs the magic of your enemies.))
Potions cannot restore your health.
You are immune to rotting.
((You are partially covered in thin metallic scales. (AC +2)))
You have an increased reservoir of magic. (+10% MP)


Message History

Okay, then.
It was a potion of berserk rage.
A red film seems to cover your vision as you go berserk!
You feel yourself moving faster!
You feel mighty!
The two-headed ogre hits you but does no damage.
The two-headed ogre hits you with a +0 giant club!
* * * LOW HITPOINT WARNING * * *
You puncture the two-headed ogre!
The two-headed ogre looks as sick as possible!
The two-headed ogre is severely wounded.
You hear a shout! x2
You puncture the two-headed ogre!
The two-headed ogre looks as sick as possible!
The two-headed ogre is severely wounded.
You puncture the two-headed ogre!
The two-headed ogre is almost dead.
The two-headed ogre hits you with a +0 giant club.
* * * LOW HITPOINT WARNING * * *
The two-headed ogre hits you with a +0 giant club!
You die...

####.....### .#
..#..###.....### ( #.
#.###..###..[..### ..
.... ###..###.....###
... .#. ###..###.....###
..⌠. ..## ###..'##.....#
.....#..#
###..###....###.
Z.....Z9####..###......#
## #.Z##♣†###......###
#9..#9O###......###
########......### #
##...###### # #..### #
##.## #..# ##.## #..#


You could see a two-headed ogre and a gargoyle.

Vanquished Creatures
  Pikel (D:4)
  A manticore (D:9)
  Joseph (D:7)
  A spriggan (D:7)
  The ghost of Eglamore the Shield-Bearer, an amateur MiFi of the Shining One (D:4)
  A steam dragon (D:9)
  A vampire mosquito (D:9)
  Edmund (D:4)
  An orc warrior (D:8)
  A phantom (D:7)
  2 sky beasts
  4 ogres
  A centaur (D:7)
  6 bullfrogs
  A water moccasin skeleton (D:5)
  5 wights
  4 crimson imps
  A howler monkey (D:8)
  3 jellies
  4 quasits (D:4)
  2 bullfrog skeletons
  5 hounds
  3 orc wizards
  Jessica (D:2)
  3 iguanas
  Terence (D:2)
  10 worker ants
  Natasha (thrice) (D:2)
  2 killer bee zombies (D:8)
  A hound skeleton (D:5)
  Robin (D:3)
  A gnoll (D:9)
  6 adders
  An adder zombie (D:9)
  4 worms
  A dart slug (D:1)
  6 leopard geckos
  19 orcs
  9 bats
  2 giant cockroaches
  12 goblins
  10 hobgoblins
  10 jackals
  4 quokkas
  3 frilled lizards
  A giant cockroach zombie (D:6)
  6 kobolds
  A quokka skeleton (D:8)
  6 rats
175 creatures vanquished.

Notes
Turn   | Place    | Note
-------+----------+-------------------------------------------
     0 | D:1      | Birdy the Vine Stalker Assassin began the quest for the
                  | Orb.
     0 | D:1      | Reached XP level 1. HP: 11/11 MP: 2/2
   138 | D:1      | Reached XP level 2. HP: 12/15 MP: 3/3
   352 | D:1      | Reached skill level 1 in Dodging
   408 | D:1      | Reached skill level 5 in Stealth
   597 | D:1      | Reached XP level 3. HP: 18/18 MP: 5/5
   796 | D:2      | Noticed Natasha
   799 | D:2      | Killed Natasha
   799 | D:2      | Reached skill level 1 in Armour
   799 | D:2      | Reached skill level 1 in Spellcasting
   919 | D:2      | Noticed Natasha
   927 | D:2      | Killed Natasha
   927 | D:2      | Gained mutation: Your natural rate of healing is unusually
                  | fast. [Vine Stalker growth]
   927 | D:2      | Reached XP level 4. HP: 23/23 MP: 7/7
  1034 | D:2      | Noticed Terence
  1040 | D:2      | Noticed Natasha
  1042 | D:2      | Killed Terence
  1045 | D:2      | Killed Natasha
  1045 | D:2      | Reached XP level 5. HP: 26/26 MP: 9/9
  1246 | D:2      | Noticed Jessica
  1267 | D:2      | Killed Jessica
  1460 | D:3      | Gained mutation: You have an increased reservoir of magic.
                  | (+10% MP) [potion of mutation]
  1460 | D:3      | Gained mutation: You are partially covered in thin metallic
                  | scales. (AC +2) [potion of mutation]
  1528 | D:3      | Found a snail-covered altar of Cheibriados.
  1804 | D:3      | Noticed Robin
  1836 | D:3      | Killed Robin
  2041 | D:3      | Reached XP level 6. HP: 30/30 MP: 12/12
  2168 | D:4      | Found a sparkling altar of Nemelex Xobeh.
  2229 | D:4      | Noticed a slave
  2231 | D:4      | Noticed Pikel
  2231 | D:4      | Noticed a slave
  2231 | D:4      | Noticed a slave
  2231 | D:4      | Noticed a slave
  2436 | D:4      | Found an iron altar of Okawaru.
  2442 | D:4      | Noticed Edmund
  2495 | D:4      | Killed Edmund
  2495 | D:4      | Reached XP level 7. HP: 12/35 MP: 7/14
  2563 | D:4      | Found a basalt altar of Yredelemnul.
  2564 | D:4      | Found a glowing golden altar of the Shining One.
  2565 | D:4      | Found a shimmering blue altar of Sif Muna.
  2610 | D:4      | Found a transporter.
  2612 | D:4      | Noticed Eglamore's ghost (amateur MiFi)
  2709 | D:4      | Found a white marble altar of Elyvilon.
  2796 | D:4      | Found a transporter.
  3004 | D:5      | Entered Level 5 of the Dungeon
  3471 | D:5      | Found Gushraeq's Assorted Antiques.
  3643 | D:5      | Noticed an angel
  3644 | D:5      | Found a glowing silver altar of Zin.
  3824 | D:5      | Gained mutation: You have razor-sharp teeth. [Vine Stalker
                  | growth]
  3824 | D:5      | Reached XP level 8. HP: 39/39 MP: 17/17
  4104 | D:6      | Reached skill level 5 in Short Blades
  4136 | D:6      | Reached skill level 5 in Spellcasting
  4362 | D:6      | Got a sparkling iron amulet
  4363 | D:6      | Identified the amulet of Qofemas {Reflect rC++ rN+ SH+2}
                  | (You found it on level 6 of the Dungeon)
  4527 | D:6      | Found an opulent altar of Gozag.
  4994 | D:4      | Killed Eglamore's ghost
  4994 | D:4      | Reached skill level 6 in Stealth
  5119 | D:4      | Killed Pikel
  5119 | D:4      | Reached skill level 7 in Stealth
  5119 | D:4      | Reached XP level 9. HP: 39/44 MP: 19/21
  5359 | D:7      | Found a staircase to the Ecumenical Temple.
  5375 | D:7      | Reached skill level 8 in Stealth
  5417 | D:7      | Got a crude leather armour
  5428 | D:7      | Identified the +3 leather armour of Life {rElec Int+3} (You
                  | found it on level 7 of the Dungeon)
  5537 | D:7      | Noticed Joseph
  5548 | D:7      | Killed Joseph
  5557 | Temple   | Entered the Ecumenical Temple
  5667 | Temple   | Became a worshipper of the Wu Jian Council
  5766 | D:7      | Reached skill level 9 in Stealth
  6076 | D:8      | Reached XP level 10. HP: 51/51 MP: 24/24
  6108 | D:8      | Reached * piety under Wu Jian
  6169 | D:8      | Found a stormy altar of Qazlal.
  6169 | D:8      | Found a burning altar of Makhleb.
  6324 | D:8      | Got a shimmering garnet amulet
  6325 | D:8      | Identified the amulet "Haibimm" {rElec Regen+} (You found
                  | it on level 8 of the Dungeon)
  6345 | D:8      | Found a radiant altar of Vehumet.
  6366 | D:8      | Found a hide-covered altar of Uskayaw.
  6995 | D:9      | Noticed a manticore
  7009 | D:9      | Reached skill level 10 in Stealth
  7014 | D:9      | Killed a manticore
  7163 | D:9      | Noticed a gargoyle
  7164 | D:9      | Noticed a two-headed ogre
  7225 | D:9      | HP: 3/114 [two-headed ogre/+0 giant club (8)]
  7228 | D:9      | HP: 1/114 [two-headed ogre/+0 giant club (4)]
  7228 | D:9      | Mangled by a two-headed ogre

Levels and vault maps discovered:
D:1:      mainiacjoe_arrival_reflecting_pool, layout_loops_ring
D:2:      layout_loops_ring, uniq_natasha, uniq_jessica, uniq_terence
D:3:      layout_loops_ring, cheibriados_altar_1, first_ration, uniq_robin
D:4:      layout_loops_ring, elyvilon_altar_5,
          nemelex_xobeh_ov_fountains_minmay,
          chequers_temple_overflow_statue_of_worship, old_standard_altar,
          gammafunk_ghost_stat_death, minmay_statues_item, uniq_pikel,
          uniq_edmund
D:5:      layout_cave_pods, zin_angel, serial_shops, shop
D:6:      layout_rooms, kennysheep_mini
D:7:      layout_cave_pools, minmay_temple_entry_slanted, the_bakery,
          uniq_joseph
D:8:      layout_basic, eat_drink_and_be_merry_uskayaw,
          grunt_temple_overflow_open, serial_park_tiny_1
D:9:      minmay_the_grid_four_pointed_star
          [minmay_the_grid_triangle_9x9_tough_junction,
          minmay_the_grid_triangle_9x9_longest,
          minmay_the_grid_triangle_9x9_thin_v,
          minmay_the_grid_triangle_9x9_windchime,
          minmay_the_grid_prize_big_room], layout_cave_pods, serial_shops,
          nicolae_shop_window_shopping
Temple:   nicolae_temple_figure_zero

Skill      XL: |  1  2  3  4  5  6  7  8  9 10 |
---------------+-------------------------------+-----
Fighting       | 2 3 4 |  4.8
Short Blades   | 2 3 4 5 |  5.0
Dodging        | 1 2 3 4 |  4.1
Stealth        | 5 7 9 10 | 10.4
Armour         | 1 2 3 4 |  4.0
Spellcasting   | 1 2 3 4 6 7 8 |  8.3
Throwing       | |  1.7

Action                   |  1- 3 |  4- 6 |  7- 9 | 10-12 || total
-------------------------+-------+-------+-------+-------++-------
Melee: Dagger            |    55 |   168 |   354 |   119 ||   696
       Bite              |    12 |    46 |   129 |    51 ||   238
       Short sword       |       |       |    70 |     6 ||    76
Throw: Dart              |       |     9 |     5 |       ||    14
Invok: Lunge             |       |       |     1 |     6 ||     7
Evoke: Wand              |       |       |     1 |     8 ||     9
  Use: Potion            |     1 |     4 |     4 |     2 ||    11
       Scroll            |       |     5 |    15 |     5 ||    25
 Stab: Sleeping          |     8 |    14 |    13 |     6 ||    41
       Distracted        |     1 |       |     1 |       ||     2
       Paralysed         |       |       |     1 |     1 ||     2
  Eat: Chunk             |       |     5 |     8 |     3 ||    16
       Ration            |       |       |     1 |       ||     1
Armor: Robe              |    12 |     6 |       |       ||    18
       Leather armour    |       |    23 |   170 |    24 ||   217
       Skin              |       |       |    47 |     5 ||    52
       Steam dragon scal |       |       |       |     9 ||     9
Dodge: Dodged            |    26 |    70 |   260 |    63 ||   419
Block: Other             |       |       |    21 |     2 ||    23

Table legend:
 A = Non-vault XP
 B = Vault XP
 C = Vault XP percentage of total XP
 D = Non-vault monster count
 E = Vault monster count
 F = Vault count percentage of total count
                 A         B        C        D         E       F
            +---------+---------+-------+---------+---------+-------
      Total |    4074 |    2512 |  38.1 |     143 |      32 |  18.3
            +---------+---------+-------+---------+---------+-------
        D:1 |      36 |       0 |   0.0 |      20 |       0 |   0.0
        D:2 |      87 |     108 |  55.4 |      14 |       3 |  17.6
        D:3 |      55 |      37 |  40.2 |      21 |      13 |  38.2
        D:4 |     374 |    1198 |  76.2 |       7 |       7 |  50.0
        D:5 |     465 |       0 |   0.0 |      17 |       0 |   0.0
        D:6 |     367 |       0 |   0.0 |      17 |       0 |   0.0
        D:7 |     745 |     684 |  47.9 |      12 |       2 |  14.3
        D:8 |    1022 |       0 |   0.0 |      26 |       0 |   0.0
        D:9 |     923 |     485 |  34.4 |       9 |       7 |  43.8
            +---------+---------+-------+---------+---------+-------
